 Dungeon Crawl Stone Soup version 0.27-a0-215-g68775813e2 (webtiles) character file.

Game seed: 489108647250245043

5362 Astera the Fighter (level 10, -8/82 HPs)
             Began as a Gnoll Wanderer on Jan 30, 2021.
             Was a Follower of Uskayaw.
             Killed from afar by a deep elf pyromancer (11 damage)
             ... with a bolt of fire
             ... summoned by a worldbinder
             ... on level 1 of the Abyss on Jan 31, 2021.
             The game lasted 00:34:48 (8625 turns).

Astera the Fighter (Gnoll Wanderer)                 Turns: 8625, Time: 00:34:49

Health: -8/82      AC: 18    Str: 12 (14) XL:     10   Next: 65%
Magic:  18/18      EV: 13    Int:  8 (11) God:    Uskayaw [*.....]
Gold:   466        SH:  7    Dex: 11 (13) Spells: 20/20 levels left

rFire    + . .     SeeInvis .   L - +1 morningstar (drain)
rCold    + . .     Faith    .   P - +2 buckler
rNeg     . . .     Spirit   .   f - quicksilver dragon scales
rPois    +         Reflect  .   (no helmet)
rElec    +         Harm     .   V - +0 cloak
rCorr    +         Rampage  .   (no gloves)
Will     +....                  S - +0 pair of boots
Stlth    +++.......             q - amulet of magic regeneration
HPRegen  0.00/turn              u - +4 ring of protection
MPRegen  0.41/turn              (no ring)

@: about to teleport, resistant, non-regenerating, badly diseased
A: distributed training, fangs 1, strong nose
a: Renounce Religion, Stomp


You were on level 1 of the Abyss.
You worshipped Uskayaw.
Uskayaw was noncommittal.
You visited 2 branches of the dungeon, and saw 10 of its levels.
You visited the Abyss 1 time.
You also visited: Ossuary.

You collected 466 gold pieces.

Inventory:

Hand Weapons
 a - a +2 shortbow
 e - a +0 dagger
 o - a +0 fustibalus
 E - a +2 halberd of venom
 H - a +5 dire flail of freezing
 L - a +1 morningstar of draining (weapon)
 Q - a +2 hunting sling of freezing
Missiles
 b - 179 arrows
 d - 38 poisoned darts
 p - 315 stones (quivered)
 G - 15 curare-tipped darts
 R - 30 sling bullets
Armour
 f - quicksilver dragon scales (worn)
 K - +0 acid dragon scales
 P - a +2 buckler (worn)
 S - a +0 pair of boots (worn)
 V - a +0 cloak (worn)
Jewellery
 q - an amulet of magic regeneration (around neck)
 u - a +4 ring of protection (left hand)
 A - an uncursed amulet of guardian spirit {unknown}
 N - an uncursed ring of magical power {unknown}
 T - a +6 ring of strength {unknown}
 X - an uncursed amulet of the acrobat {unknown}
Wands
 r - a wand of paralysis (25)
 y - a wand of flame (20)
 W - a wand of charming (4)
 Z - a wand of mindburst (11)
Scrolls
 g - 3 scrolls of enchant armour
 i - a scroll of immolation {unknown}
 j - 12 scrolls of identify
 m - 4 scrolls of random uselessness {unknown}
 n - 5 scrolls of teleportation
 s - 5 scrolls of remove curse {unknown}
 t - a scroll of magic mapping {unknown}
 x - a scroll of amnesia {unknown}
 z - a scroll of fog {unknown}
 D - 2 scrolls of blinking {unknown}
 F - a scroll of holy word {unknown}
 J - a scroll of fear {unknown}
 M - 2 scrolls of noise {unknown}
 O - a scroll of acquirement {unknown}
 Y - a scroll of brand weapon {unknown}
Potions
 h - 3 potions of lignification
 k - 5 potions of haste
 l - 3 potions of degeneration
 v - 3 potions of might {unknown}
 w - 2 potions of flight {unknown}
 B - a potion of mutation {unknown}
 C - 5 potions of curing
 I - a potion of attraction {unknown}
 U - 2 potions of ambrosia {unknown}


   Skills:
 + Level 8.6 Fighting
 + Level 5.5 Short Blades
 + Level 5.5 Long Blades
 + Level 5.5 Axes
 + Level 5.5 Maces & Flails
 + Level 6.1 Polearms
 + Level 5.5 Staves
 + Level 5.5 Slings
 + Level 6.1 Bows
 + Level 5.5 Crossbows
 + Level 6.1 Throwing
 + Level 6.1 Armour
 + Level 6.1 Dodging
 + Level 7.0 Stealth
 + Level 5.5 Shields
 + Level 5.5 Unarmed Combat
 + Level 5.5 Spellcasting
 + Level 4.5 Conjurations
 + Level 4.5 Hexes
 + Level 4.5 Summonings
 + Level 4.5 Necromancy
 + Level 4.5 Translocations
 + Level 4.5 Transmutations
 + Level 4.5 Fire Magic
 + Level 4.5 Ice Magic
 + Level 4.5 Air Magic
 + Level 4.5 Earth Magic
 + Level 4.5 Poison Magic
 + Level 6.0 Invocations
 + Level 5.5 Evocations


You had 20 spell levels left.
You didn't know any spells.
Your spell library contained the following spells:

 Spells                   Type           Power        Failure   Level
 Sting                    Tmut/Pois      36%          8%          1
 Wereblood                Tmut           9%           12%         2
 Confusing Touch          Hex            9%           24%         3
 Gell's Gravitas          Tloc           4%           24%         3
 Petrify                  Tmut/Erth      9%           61%         4
 Blade Hands              Tmut           4%           91%         5
 Metabolic Englaciation   Hex/Ice        4%           91%         5
 Yara's Violent Unravell  Hex/Tmut       4%           91%         5
 Hydra Form               Tmut           4%           100%        6


Dungeon Overview and Level Annotations

Branches:
Dungeon (9/15)             Temple (1/1) D:7         Ossuary (visited)
   Lair: D:8-11         Orc: D:9-12

Altars:
Ashenzari
Cheibriados
Dithmenos
Elyvilon
Fedhas
Gozag
Kikubaaqudgha
Makhleb
Nemelex Xobeh
Okawaru
Qazlal
Ru
Sif Muna
Trog
Uskayaw
Vehumet
Wu Jian
Xom
Yredelemnul
Zin
The Shining One

Shops:
D:4 !   D:7 [

Annotations:
D:9 Erolcha


Innate Abilities, Weirdness & Mutations

Your experience applies equally to all skills.
You have very sharp teeth.
Your uncanny sense of smell can sniff out nearby items.


Message History

The smoke demon gestures at you. Something smites you!
* * * LOW HITPOINT WARNING * * *
The orange demon closely misses you.
The deep elf pyromancer hits you but does no damage.
The deep elf pyromancer completely misses you.
It was a potion of degeneration.
There was something very wrong with that liquid.
You feel weakened.
You feel dopey.
You feel clumsy. The fire elemental misses you.
An efreet comes into view.
It is wielding a +2 scimitar of flaming.
The deep elf pyromancer closely misses you.
The orange demon stings you but does no damage.
The deep elf pyromancer barely misses you.
The fire elemental completely misses you.
It was a potion of resistance.
You feel protected.
The deep elf pyromancer points at you and mumbles some strange words.
The bolt of fire hits you! You resist.
You die...

.. .. #.#. . ..
#..# ##x## #.
#..##..# #...##.
...... ##.# #.. ∆
. ....###.##..# #.
#..#x...e.#
##..##..#e###.##G.
........ex..###...
.....4.@E#.## ##..
##..##.e#....# # #
#..##.##.# . ....
## .## ..... #
.##..## R. #..# ☼.
....


You could see an orange demon, an ancient zyme, 3 deep elf pyromancers, a
worldbinder, an efreet and a fire elemental (summoned).

Vanquished Creatures
  Pikel (D:8)
  Joseph (D:7)
  A smoke demon (Abyss:1)
  Maggie (D:6)
  A troll (D:9)
  Menkaure (D:7)
  3 orc warriors (D:8)
  2 ice beasts
  A necrophage (D:8)
  2 phantoms
  A centaur (D:9)
  3 ogres
  A big kobold (D:7)
  2 bullfrogs
  3 water moccasin zombies (Ossuary)
  A scorpion (D:7)
  3 killer bees (D:8)
  11 wights
  3 howler monkeys (D:7)
  2 bullfrog zombies
  An iron imp (Abyss:1)
  2 centaur zombies
  3 orc priests
  Crazy Yiuf (D:7)
  A centaur skeleton (D:5)
  3 hounds
  An iguana (D:8)
  2 jellies
  2 bullfrog skeletons
  Natasha (thrice) (D:4)
  2 orc wizards
  4 worker ants
  A killer bee zombie (D:6)
  A big kobold zombie (Ossuary)
  A hound zombie (D:8)
  2 hound skeletons
  2 mummies (Ossuary)
  Robin (D:3)
  2 worker ant zombies
  9 adders
  9 gnolls
  A shadow imp (D:8)
  A white imp (D:7)
  2 ufetubi
  3 adder zombies (Ossuary)
  An adder skeleton (D:4)
  2 worms
  2 dart slugs (D:1)
  6 leopard geckos
  18 orcs
  A ball python (D:6)
  3 bats (D:2)
  4 giant cockroaches
  4 gnoll zombies (Ossuary)
  16 goblins
  9 hobgoblins
  5 jackals
  3 quokkas
  3 frilled lizards
  3 hobgoblin zombies (Ossuary)
  9 kobolds
  5 kobold zombies (Ossuary)
  7 orc zombies (Ossuary)
  8 rats
213 creatures vanquished.

Vanquished Creatures (others)
  A leopard gecko (D:9)
  12 starspawn tentacles (Abyss:1)
13 creatures vanquished.

Grand Total: 226 creatures vanquished

Notes
Turn   | Place    | Note
-------+----------+-------------------------------------------
     0 | D:1      | Astera the Gnoll Wanderer began the quest for the Orb.
     0 | D:1      | Astera set off with the following items: a +2 shortbow, 27
                  | arrows, a +0 ring mail, 13 poisoned darts, a +0 dagger
     0 | D:1      | Reached XP level 1. HP: 23/23 MP: 1/1
   138 | D:1      | Reached XP level 2. HP: 29/29 MP: 2/2
   649 | D:2      | Reached XP level 3. HP: 35/35 MP: 3/3
   876 | D:2      | Reached skill level 1 in Invocations
  1056 | D:2      | Reached skill level 1 in Short Blades
  1056 | D:2      | Reached skill level 1 in Long Blades
  1056 | D:2      | Reached skill level 1 in Axes
  1056 | D:2      | Reached skill level 1 in Maces & Flails
  1056 | D:2      | Reached skill level 1 in Staves
  1056 | D:2      | Reached skill level 1 in Slings
  1056 | D:2      | Reached skill level 1 in Crossbows
  1056 | D:2      | Reached skill level 1 in Shields
  1056 | D:2      | Reached skill level 1 in Unarmed Combat
  1056 | D:2      | Reached skill level 1 in Spellcasting
  1056 | D:2      | Reached skill level 1 in Evocations
  1056 | D:2      | Reached XP level 4. HP: 30/41 MP: 5/5
  1531 | D:3      | Reached skill level 1 in Conjurations
  1531 | D:3      | Reached skill level 1 in Hexes
  1531 | D:3      | Reached skill level 1 in Summonings
  1531 | D:3      | Reached skill level 1 in Necromancy
  1531 | D:3      | Reached skill level 1 in Translocations
  1531 | D:3      | Reached skill level 1 in Transmutations
  1531 | D:3      | Reached skill level 1 in Fire Magic
  1531 | D:3      | Reached skill level 1 in Ice Magic
  1531 | D:3      | Reached skill level 1 in Air Magic
  1531 | D:3      | Reached skill level 1 in Earth Magic
  1531 | D:3      | Reached skill level 1 in Poison Magic
  1558 | D:3      | Noticed Robin
  1761 | D:3      | Reached XP level 5. HP: 47/47 MP: 6/6
  1887 | D:3      | Killed Robin
  2248 | D:4      | Identified the Handbook of Shape Shifting
  2411 | D:4      | Found Ruadas's Distillery.
  2523 | D:4      | Noticed Natasha
  2530 | D:4      | Killed Natasha
  2531 | D:4      | Reached XP level 6. HP: 51/53 MP: 8/8
  2576 | D:4      | Noticed Natasha
  2591 | D:4      | Killed Natasha
  2746 | D:4      | Noticed Natasha
  2752 | D:4      | Killed Natasha
  2792 | D:5      | Entered Level 5 of the Dungeon
  2992 | D:3      | Upgraded the game from 0.27-a0-202-gdcb3803577 to
                  | 0.27-a0-215-g68775813e2
  3706 | D:5      | Reached XP level 7. HP: 30/59 MP: 10/10
  4069 | D:5      | Found a shimmering altar of Xom.
  4101 | D:5      | Reached skill level 7 in Fighting
  4456 | D:6      | Reached skill level 5 in Stealth
  4556 | D:6      | Found a sand-covered staircase.
  4657 | Ossuary  | Entered an ossuary
  4689 | Ossuary  | Reached XP level 8. HP: 67/67 MP: 12/12
  5258 | D:6      | Noticed Maggie
  5276 | D:6      | Killed Maggie
  6024 | D:7      | Found a radiant altar of Vehumet.
  6027 | D:7      | Noticed Menkaure
  6055 | D:6      | Reached XP level 9. HP: 72/72 MP: 14/14
  6470 | D:7      | Found a staircase to the Ecumenical Temple.
  6470 | D:7      | Noticed Joseph
  6489 | D:7      | Killed Joseph
  6490 | D:7      | Reached skill level 5 in Polearms
  6490 | D:7      | Reached skill level 5 in Bows
  6490 | D:7      | Reached skill level 5 in Throwing
  6490 | D:7      | Reached skill level 5 in Armour
  6490 | D:7      | Reached skill level 5 in Dodging
  6509 | Temple   | Entered the Ecumenical Temple
  6516 | Temple   | Became a worshipper of Uskayaw the Reveller
  6529 | D:7      | Found a white marble altar of Elyvilon.
  6531 | D:7      | Found a burning altar of Makhleb.
  6537 | D:7      | Found a bloodstained altar of Trog.
  6555 | D:7      | Found Cheibriados's Comfort Zone.
  6612 | D:7      | Reached * piety under Uskayaw
  6614 | D:7      | Killed Menkaure
  6616 | D:7      | Found a snail-covered altar of Cheibriados.
  6653 | D:7      | Reached ** piety under Uskayaw
  6654 | D:7      | Reached skill level 8 in Fighting
  6659 | D:7      | Found an ornate altar of the Wu Jian Council.
  6726 | D:7      | Reached *** piety under Uskayaw
  6735 | D:7      | Found a runed translucent door.
  6735 | D:7      | Noticed Crazy Yiuf
  6943 | D:7      | Killed Crazy Yiuf
  6944 | D:7      | Reached skill level 5 in Invocations
  7161 | D:8      | Reached **** piety under Uskayaw
  7165 | D:8      | Reached ***** piety under Uskayaw
  7309 | D:8      | Noticed Pikel
  7326 | D:8      | Killed Pikel
  7327 | D:8      | Reached skill level 5 in Short Blades
  7327 | D:8      | Reached skill level 5 in Long Blades
  7327 | D:8      | Reached skill level 5 in Axes
  7327 | D:8      | Reached skill level 5 in Maces & Flails
  7327 | D:8      | Reached skill level 5 in Staves
  7327 | D:8      | Reached skill level 5 in Slings
  7327 | D:8      | Reached skill level 5 in Crossbows
  7327 | D:8      | Reached skill level 5 in Shields
  7327 | D:8      | Reached skill level 5 in Unarmed Combat
  7327 | D:8      | Reached skill level 5 in Spellcasting
  7327 | D:8      | Reached skill level 5 in Evocations
  7327 | D:8      | Reached XP level 10. HP: 79/81 MP: 17/17
  8442 | D:9      | Noticed Erolcha
  8450 | D:9      | Cast into level 1 of the Abyss (Erolcha)
  8490 | Abyss:1  | Noticed a smoke demon
  8499 | Abyss:1  | Killed a smoke demon
  8505 | Abyss:1  | Noticed a tentacled starspawn
  8580 | Abyss:1  | Noticed an orange demon
  8580 | Abyss:1  | Noticed a tentacled starspawn
  8600 | Abyss:1  | Noticed a worldbinder
  8605 | Abyss:1  | Noticed a deep elf archer
  8606 | Abyss:1  | Noticed a deep elf zephyrmancer
  8606 | Abyss:1  | Noticed a deep elf knight
  8606 | Abyss:1  | Noticed a deep elf zephyrmancer
  8619 | Abyss:1  | Noticed a deep elf pyromancer
  8619 | Abyss:1  | Noticed a deep elf pyromancer
  8619 | Abyss:1  | Noticed a deep elf pyromancer
  8619 | Abyss:1  | Noticed an orange demon
  8619 | Abyss:1  | Noticed a thrashing horror
  8620 | Abyss:1  | Noticed a smoke demon
  8623 | Abyss:1  | HP: 3/82 [smoke demon/divine providence (14)]
  8625 | Abyss:1  | Killed from afar by a deep elf pyromancer

Illustrated notes

Levels and vault maps discovered:
D:1:      dpeg_arrival_boxorama, layout_rooms, minmay_heptomino_d4
D:2:      layout_rooms
D:3:      layout_rooms, uniq_robin
D:4:      layout_rooms, serial_shops, nicolae_shop_crystal, uniq_natasha
D:5:      layout_basic, nicolae_overflow_crystal_walls, minmay_misc_feat_x
D:6:      layout_basic, nicolae_ossuary_entry_false_entrances,
          gup_sewer_entry_glass, uniq_maggie
D:7:      layout_gridville, kennysheep_mini_moat, grunt_temple_overflow_open,
          temple_fountains, grunt_ministairs_8, minmay_shop_chei,
          minmay_joined_circles, uniq_menkaure, uniq_crazy_yiuf_cottage,
          uniq_joseph
D:8:      minmay_recursive_quarters, layout_loops_ring, uniq_pikel
D:9:      layout_rooms, nicolae_overflow_hidden_temple, david_orc_3, uniq_grum,
          uniq_erolcha, uniq_erica
Temple:   nicolae_temple_no_exploring_needed
Abyss:1:  base:
D:2

Skill      XL: |  1  2  3  4  5  6  7  8  9 10 |
---------------+-------------------------------+-----
Invocations    | 1 2 3 4 5 6 |  6.0
Short Blades   | 1 2 3 5 |  5.5
Long Blades    | 1 2 3 5 |  5.5
Axes           | 1 2 3 5 |  5.5
Maces & Flails | 1 2 3 5 |  5.5
Staves         | 1 2 3 5 |  5.5
Slings         | 1 2 3 5 |  5.5
Crossbows      | 1 2 3 5 |  5.5
Shields        | 1 2 3 5 |  5.5
Unarmed Combat | 1 2 3 5 |  5.5
Spellcasting   | 1 2 3 5 |  5.5
Evocations     | 1 2 3 5 |  5.5
Conjurations   | 1 2 3 4 |  4.5
Hexes          | 1 2 3 4 |  4.5
Summonings     | 1 2 3 4 |  4.5
Necromancy     | 1 2 3 4 |  4.5
Translocations | 1 2 3 4 |  4.5
Transmutations | 1 2 3 4 |  4.5
Fire Magic     | 1 2 3 4 |  4.5
Ice Magic      | 1 2 3 4 |  4.5
Air Magic      | 1 2 3 4 |  4.5
Earth Magic    | 1 2 3 4 |  4.5
Poison Magic   | 1 2 3 4 |  4.5
Polearms       | 3 4 5 6 |  6.1
Bows           | 3 4 5 6 |  6.1
Throwing       | 3 4 5 6 |  6.1
Armour         | 3 4 5 6 |  6.1
Dodging        | 3 4 5 6 |  6.1
Fighting       | 7 8 |  8.6
Stealth        | 5 6 7 |  7.0

Action                   |  1- 3 |  4- 6 |  7- 9 | 10-12 || total
-------------------------+-------+-------+-------+-------++-------
Melee: Fustibalus        |    17 |     4 |       |       ||    21
       Bite              |     1 |     1 |    28 |    22 ||    52
       Halberd           |       |     7 |    35 |       ||    42
       Dire flail        |       |       |   207 |       ||   207
       Morningstar       |       |       |   129 |   126 ||   255
 Fire: Shortbow          |    39 |       |       |       ||    39
       Fustibalus        |    61 |   231 |       |       ||   292
Throw: Stone             |       |       |    59 |     7 ||    66
  Use: Scroll            |       |     2 |       |     1 ||     3
       Potion            |       |       |       |     2 ||     2
 Stab: Sleeping          |       |       |     4 |       ||     4
       Paralysed         |       |       |     3 |     4 ||     7
Armor: Quicksilver drago |    35 |   107 |   143 |    67 ||   352
Dodge: Dodged            |    38 |   137 |   217 |   110 ||   502
Block: Buckler           |       |       |    43 |    66 ||   109

Table legend: (Time is in decaauts)
 A = Elapsed time spent in this place.
 B = Non-inter-level travel time spent in this place.
 C = Inter-level travel time spent in this place.
 D = Time resting spent in this place.
 E = Time spent auto-exploring this place.
 F = Levels seen in this place.
 G = Mean time per level.
                   A        B        C        D        E       F      G
               +--------+--------+--------+--------+--------+-----+--------+
         Total |   8865 |   8374 |    491 |    768 |   4988 |  12 |  738.8 |
       Dungeon |   8194 |   7703 |    491 |    589 |   4899 |   9 |  910.4 |
        Temple |     14 |     14 |      0 |      0 |      0 |   1 |   14.0 |
         Abyss |    186 |    186 |      0 |      0 |      0 |   1 |  186.0 |
       Ossuary |    469 |    469 |      0 |    179 |     89 |   1 |  469.0 |
               +--------+--------+--------+--------+--------+-----+--------+

Top non-repeatable levels by time:
     D:8: 1195 daAuts
     D:5: 1155 daAuts
     D:6: 1107 daAuts
     D:7: 983 daAuts
     D:2: 902 daAuts
     D:4: 894 daAuts
     D:1: 883 daAuts
     D:3: 765 daAuts
 Ossuary: 469 daAuts
     D:9: 305 daAuts
 Abyss:1: 186 daAuts
  Temple: 14 daAuts
